 Dungeon Crawl Stone Soup version 0.30.2 (webtiles) character file.

Game seed: 4310210304457529502

90 porpoise the Chopper (level 4, -20/41 HPs)
             Began as a Hill Orc Fighter on Apr 14, 2024.
             Demolished by an ogre
             ... wielding a +0 giant club
              (26 damage)
             ... on level 4 of the Dungeon.
             The game lasted 00:05:27 (2234 turns).

porpoise the Chopper (Hill Orc Fighter)             Turns: 2234, Time: 00:05:28

Health: -20/41     AC:  8    Str: 20    XL:     4   Next: 56%
Magic:  4/4        EV:  9    Int:  8    God:
Gold:   168        SH:  4    Dex: 10    Spells: 3/3 levels left

rFire   . . .        a - +0 war axe
rCold   + . .        c - +0 buckler
rNeg    . . .        h - +0 scale mail
rPois   .            (no helmet)
rElec   .            s - +0 cloak
rCorr   +            (no gloves)
SInv    .            (no boots)
Will    .....        (no amulet) Stlth
                     t - ring of protection from cold
HPRegen 0.26/turn    u - ring of resist corrosion
MPRegen 0.09/turn

%: no passive effects
@: no status effects
A: no striking features
a: no special abilities


You were on level 4 of the Dungeon.
You visited 1 branch of the dungeon, and saw 4 of its levels.

You collected 168 gold pieces.

Inventory:

Hand Weapons
 a - a +0 war axe (weapon)
 b - a +0 sling
Missiles
 e - 11 poisoned darts (quivered)
 v - a throwing net
Armour
 c - a +0 buckler (worn)
 h - a +0 scale mail (worn)
 o - a scarf of repulsion
 s - a +0 cloak (worn)
Jewellery
 t - a ring of protection from cold (left hand)
 u - a ring of resist corrosion (right hand)
Scrolls
 g - a scroll of teleportation {unknown}
 i - a scroll of immolation {unknown}
 k - a scroll of poison {unknown}
 p - a scroll of magic mapping {unknown}
 q - a scroll of fear {unknown}
Potions
 d - a potion of might
 f - 2 potions of curing
 j - a potion of flight
 l - a potion of invisibility
 m - a potion of mutation {unknown}
 r - 2 potions of brilliance


   Skills:
 + Level 4.4 Fighting
 * Level 4.7 Axes
 - Level 3.2 Armour
 + Level 4.0 Shields


You had 3 spell levels left.
You didn't know any spells.
Your spell library contained the following spells:

 Spells                   Type           Power      Damage    Failure   Level
 Sting                    Tmut/Pois      0%         1d3       83%         1
 Poisonous Vapours        Pois/Air       0%         N/A       93%         2
 Olgreb's Toxic Radiance  Pois           0%         N/A       100%        4


Dungeon Overview and Level Annotations

Branches:
Dungeon (4/15)
 Temple: D:4-7

Altars:
Zin

Shops:
D:1 :


Message History

No target in view!
Found a robe.
Things that are here:
a +0 short sword; 3 stones A quokka comes into view.
A quokka is nearby!
You closely miss the quokka. The quokka closely misses you.
The quokka bites you but does no damage.
You barely miss the quokka. The quokka closely misses you.
The quokka bites you but does no damage.
You hit the quokka.
The quokka is heavily wounded.
The quokka barely misses you.
You closely miss the quokka.
The quokka is heavily wounded.
The quokka bites you. You block the quokka's attack.
You barely miss the quokka.
The quokka is moderately wounded.
You block the quokka's attack.
You hit the quokka.
The quokka is heavily wounded.
The quokka bites you but does no damage. x2
You slash the quokka!
You kill the quokka!
HP restored.
An ogre comes into view. It is wielding a +0 giant club.
The ogre shouts!
You completely miss the ogre. The ogre hits you with a +0 giant club!
You hit the ogre.
The ogre is lightly wounded.
The ogre hits you with a +0 giant club!
You hit the ogre.
The ogre is moderately wounded.
The ogre hits you with a +0 giant club!!
* * * LOW HITPOINT WARNING * * *
You slash the ogre!
The ogre is almost dead.
The ogre hits you with a +0 giant club!!
Ouch! That really hurt!
You die...

. #.#.#
#.#.#.######
.#.#......
..#.....
.....##
########......
.......O##.#.#
.......@...#†#
.######.##..[#
...#<...##
#####.....#
#..#...#
#..#.#.#
#.)#.#...
#..#.# #..
#..#.# ###


You could see an ogre.

Vanquished Creatures
  3 adders
  A worm (D:2)
  A dart slug (D:1)
  4 ball pythons
  6 endoplasms
  4 giant cockroaches
  6 goblins
  6 hobgoblins
  2 jackals (D:2)
  7 kobolds
  3 quokkas
  4 bats (D:1)
  2 frilled lizards
  2 rats
51 creatures vanquished.

Notes
Turn   | Place    | Note
-------+----------+-------------------------------------------
     0 | D:1      | porpoise the Hill Orc Fighter began the quest for the Orb.
     0 | D:1      | Reached XP level 1. HP: 19/19 MP: 1/1
    68 | D:1      | Reached XP level 2. HP: 24/27 MP: 2/2
   452 | D:1      | Reached XP level 3. HP: 25/33 MP: 3/3
   483 | D:1      | Found Asiadopt's Book Shop.
   727 | D:2      | Found a glowing silver altar of Zin.
  1567 | D:3      | Reached XP level 4. HP: 40/40 MP: 4/4
  2230 | D:4      | Noticed an ogre
  2234 | D:4      | Demolished by an ogre

Illustrated notes

Levels and vault maps discovered:
D:1:      dpeg_arrival_pond, layout_rooms, serial_shops, nicolae_lakefront_shop,
          minmay_small_reverse_x
D:2:      layout_loops_ring, basic_altar, grunt_decor_one_mirror
D:3:      layout_rooms, serial_bayou_lagoon_a
D:4:      layout_basic, serial_shops, nicolae_shop_trees, uniq_ijyb,
          uniq_blork_the_orc, uniq_grinder

Skill      XL: |  1  2  3  4 |
---------------+-------------+-----
Axes           | 3 4 |  4.7
Fighting       | 4 |  4.4
Shields        | 4 |  4.0
Armour         | |  3.2

Action                     |  1- 3 |  4- 6 || total
---------------------------+-------+-------++-------
  Melee: War axe           |   143 |    56 ||   199
   Fire: Sling             |     2 |       ||     2
    Use: Scroll            |     2 |     3 ||     5
 Armour: Scale mail        |    63 |    20 ||    83
  Dodge: Dodged            |    70 |    18 ||    88
  Block: Buckler           |    39 |    14 ||    53
